NYP
BOISE HAWKS @ EUGENE EMERALDS
08/24/2047
 
TOP OF THE 1ST
Boise Hawks batting - Pitching for Eugene Emeralds : RHP Steve Vint
Pitching: RHP Steve Vint
Batting: RHB Kevin McKasson 0-0: Ball
1-0: Foul Ball, location: 2F
1-1: Foul Ball, location: 2F
1-2: Strikes out swinging
Batting: RHB Larry Hardman 0-0: Called Strike
0-1: Ground out 4-3 (Groundball, 4, EV 86.2 MPH)
Batting: LHB Paul McClintock 0-0: Ball
1-0: Foul Ball, location: 2F
1-1: DOUBLE (Groundball, 5L, EV 106.9 MPH)
Batting: LHB Barnabé Metrass 0-0: Called Strike
0-1: Swinging Strike
0-2: Ball
1-2: Foul Ball, location: 2F
1-2: Strikes out swinging
Top of the 1st over - 0 runs, 1 hit, 0 errors, 1 left on base; Boise 0 - Eugene 0
BOTTOM OF THE 1ST
Eugene Emeralds batting - Pitching for Boise Hawks : RHP Dave Shanks
Pitching: RHP Dave Shanks
Batting: LHB Hiroki Yamamoto 0-0: Ball
1-0: Foul Ball, location: 2F
1-1: Called Strike
1-2: Fly out, F7 (Flyball, 7LM, EV 83.8 MPH)
Batting: RHB Mike Hill 0-0: Ball
1-0: Ball
2-0: Called Strike
2-1: Fly out, F7 (Flyball, 78M, EV 92.5 MPH)
Batting: RHB Roy Battist 0-0: Ball
1-0: Fly out, F9 (Flyball, 9LD, EV 83.8 MPH)
Bottom of the 1st over - 0 runs, 0 hits, 0 errors, 0 left on base; Boise 0 - Eugene 0
TOP OF THE 2ND
Boise Hawks batting - Pitching for Eugene Emeralds : RHP Steve Vint
Batting: SHB Charlie Diesel 0-0: Ball
1-0: Foul Ball, location: 2F
1-1: Fly out, F7 (Flyball, 78M, EV 83.8 MPH)
Batting: RHB Chris Kinder 0-0: Ball
1-0: Ground out 5-3 (Groundball, 56, EV 110.0 MPH)
Batting: LHB Cy Ostrowski 0-0: Swinging Strike
0-1: Ground out U3 (Groundball, 34, EV 90.0 MPH)
Top of the 2nd over - 0 runs, 0 hits, 0 errors, 0 left on base; Boise 0 - Eugene 0
BOTTOM OF THE 2ND
Eugene Emeralds batting - Pitching for Boise Hawks : RHP Dave Shanks
Batting: RHB Taylor Garofalo 0-0: Called Strike
0-1: Ground out U3 (Groundball, 3, EV 90.0 MPH)
Batting: RHB Mike Larson 0-0: Called Strike
0-1: Ball
1-1: Called Strike
1-2: Strikes out looking
Batting: RHB Ryan Bush 0-0: Called Strike
0-1: Ball
1-1: Fly out, F8 (Flyball, 8RM, EV 81.9 MPH)
Bottom of the 2nd over - 0 runs, 0 hits, 0 errors, 0 left on base; Boise 0 - Eugene 0
TOP OF THE 3RD
Boise Hawks batting - Pitching for Eugene Emeralds : RHP Steve Vint
Batting: LHB Jon Burgos 0-0: Ball
1-0: Ball
2-0: Called Strike
2-1: Ball
3-1: Base on Balls
Batting: RHB Chris Simmons 0-0: Foul Ball, location: 2F
0-1: Ground out 4-3 (Groundball, 34, EV 78.8 MPH)
Jon Burgos to second
Batting: RHB Kevin McKasson 0-0: Called Strike
0-1: Swinging Strike
0-2: Strikes out swinging
Batting: RHB Larry Hardman 0-0: Swinging Strike
0-1: Ball
1-1: Ball
2-1: Swinging Strike
2-2: Foul Ball, location: 2F
2-2: Ball
3-2: Fly out, F8 (Line Drive, 8RD, EV 88.8 MPH)
Top of the 3rd over - 0 runs, 0 hits, 0 errors, 1 left on base; Boise 0 - Eugene 0
BOTTOM OF THE 3RD
Eugene Emeralds batting - Pitching for Boise Hawks : RHP Dave Shanks
Batting: RHB Juan Bonilla 0-0: Ball
1-0: Foul Ball, location: 2F
1-1: Ground out U3 (Groundball, 3L, EV 83.1 MPH)
Batting: RHB T.J. Garrison 0-0: Called Strike
0-1: Ball
1-1: Ground out 5-3 (Groundball, 56S, EV 83.8 MPH)
Batting: RHB Alvaro Romero 0-0: Called Strike
0-1: Swinging Strike
0-2: Strikes out swinging
Bottom of the 3rd over - 0 runs, 0 hits, 0 errors, 0 left on base; Boise 0 - Eugene 0
TOP OF THE 4TH
Boise Hawks batting - Pitching for Eugene Emeralds : RHP Steve Vint
Batting: LHB Paul McClintock 0-0: SINGLE (Flyball, 89S, EV 91.9 MPH)
Batting: LHB Barnabé Metrass 0-0: Called Strike
0-1: Called Strike
0-2: Strikes out swinging
Batting: SHB Charlie Diesel 0-0: Called Strike
Paul McClintock steals 2nd base
0-1: Called Strike
0-2: Strikes out swinging
Batting: RHB Chris Kinder 0-0: Called Strike
0-1: Ball
1-1: Called Strike
1-2: Strikes out swinging
Top of the 4th over - 0 runs, 1 hit, 0 errors, 1 left on base; Boise 0 - Eugene 0
BOTTOM OF THE 4TH
Eugene Emeralds batting - Pitching for Boise Hawks : RHP Dave Shanks
Batting: LHB Hiroki Yamamoto 0-0: Called Strike
0-1: Swinging Strike
0-2: Ball
1-2: Ball
2-2: Ball
3-2: Foul Ball, location: 2F
3-2: Foul Ball, location: 2F
3-2: Foul Ball, location: 2F
3-2: Foul Ball, location: 2F
3-2: Strikes out looking
Batting: RHB Mike Hill 0-0: Ball
1-0: Foul Ball, location: 2F
1-1: Ball
2-1: Ground out 6-3 (Groundball, 6, EV 102.5 MPH)
Batting: RHB Roy Battist 0-0: Ball
1-0: Foul Ball, location: 2F
1-1: Ball
2-1: Foul Ball, location: 2F
2-2: Ball
3-2: Fly out, F8 (Flyball, 78M, EV 78.1 MPH)
Bottom of the 4th over - 0 runs, 0 hits, 0 errors, 0 left on base; Boise 0 - Eugene 0
TOP OF THE 5TH
Boise Hawks batting - Pitching for Eugene Emeralds : RHP Steve Vint
Batting: LHB Cy Ostrowski 0-0: Ball
1-0: Called Strike
1-1: Foul Ball, location: 2F
1-2: Ball
2-2: Reached on error, E1 (Groundball, 15S, EV 68.1 MPH)
Pitching: LHP Ricardo Saucedo
Batting: LHB Jon Burgos 0-0: Swinging Strike
0-1: Foul Ball, location: 2F
0-2: Strikes out swinging
Batting: RHB Chris Simmons 0-0: Ball
1-0: Ball
2-0: Called Strike
2-1: Ball
3-1: Foul Ball, location: 2F
3-2: Foul Ball, location: 2F
3-2: Fly out, F8 (Flyball, 8RM, EV 83.8 MPH)
Batting: RHB Kevin McKasson 0-0: Ball
1-0: Ball
2-0: Foul Ball, location: 2F
2-1: Foul Ball, location: 2F
2-2: Strikes out swinging
Top of the 5th over - 0 runs, 0 hits, 1 error, 1 left on base; Boise 0 - Eugene 0
BOTTOM OF THE 5TH
Eugene Emeralds batting - Pitching for Boise Hawks : RHP Dave Shanks
Batting: RHB Taylor Garofalo 0-0: Called Strike
0-1: Swinging Strike
0-2: Fly out, F9 (Line Drive, 9S, EV 86.2 MPH)
Batting: RHB Mike Larson 0-0: Called Strike
0-1: Foul Ball, location: 2F
0-2: Ball
1-2: Ground out 5-3 (Groundball, 56, EV 85.0 MPH)
Batting: RHB Ryan Bush 0-0: Ball
1-0: Ball
2-0: SOLO HOME RUN (Flyball, 78XD, EV 105.0 MPH), Distance : 401 ft
Batting: RHB Juan Bonilla 0-0: Foul Ball, location: 2F
0-1: Foul Ball, location: 2F
0-2: Fly out, F9 (Line Drive, 89D, EV 93.8 MPH)
Bottom of the 5th over - 1 run, 1 hit, 0 errors, 0 left on base; Boise 0 - Eugene 1
TOP OF THE 6TH
Boise Hawks batting - Pitching for Eugene Emeralds : LHP Ricardo Saucedo
Batting: RHB Larry Hardman 0-0: Called Strike
0-1: Swinging Strike
0-2: Ball
1-2: Ball
2-2: Strikes out looking
Batting: LHB Paul McClintock 0-0: Ball
1-0: Ball
2-0: SINGLE (Line Drive, 78M, EV 92.5 MPH)
Batting: LHB Barnabé Metrass 0-0: Ball
1-0: Foul Ball, location: 2F
1-1: Fielders Choice at 2nd, 4-6 (Groundball, 4, EV 103.1 MPH)
Batting: SHB Charlie Diesel 0-0: Ball
1-0: SINGLE (Groundball, 4D, EV 103.1 MPH)
Barnabé Metrass to second
Runner from 2nd tries for 3rd, SAFE, throw by CF made to third
Batting: RHB Chris Kinder 0-0: Ball
1-0: Foul Ball, location: 2F
1-1: Foul Ball, location: 2F
1-2: Strikes out swinging
Top of the 6th over - 0 runs, 2 hits, 0 errors, 2 left on base; Boise 0 - Eugene 1
BOTTOM OF THE 6TH
Eugene Emeralds batting - Pitching for Boise Hawks : RHP Dave Shanks
Batting: RHB T.J. Garrison 0-0: Ball
1-0: Ball
2-0: Swinging Strike
2-1: Foul Ball, location: 2F
2-2: Foul Ball, location: 2F
2-2: Foul Ball, location: 2F
2-2: Foul Ball, location: 2F
2-2: Strikes out swinging
Batting: RHB Alvaro Romero 0-0: Swinging Strike
0-1: Called Strike
0-2: Ball
1-2: Ball
2-2: Strikes out swinging
Batting: LHB Hiroki Yamamoto 0-0: Called Strike
0-1: Ball
1-1: Ground out 4-3 (Groundball, 4, EV 80.6 MPH)
Bottom of the 6th over - 0 runs, 0 hits, 0 errors, 0 left on base; Boise 0 - Eugene 1
TOP OF THE 7TH
Boise Hawks batting - Pitching for Eugene Emeralds : LHP Ricardo Saucedo
Batting: LHB Cy Ostrowski 0-0: DOUBLE (Line Drive, 78M, EV 89.4 MPH)
Pinch Hitting: RHB Steve Blackshear 0-0: Ball
1-0: Called Strike
1-1: SINGLE (Groundball, 3D, EV 98.8 MPH)
Cy Ostrowski to third
Pitching: RHP Trevor Woodbury
Pinch Hitting: SHB Nestor Ramirez 0-0: Called Strike
0-1: Ball
Steve Blackshear steals 2nd base
1-1: Foul Ball, location: 2F
1-2: Ball
2-2: Strikes out swinging
Batting: RHB Kevin McKasson 0-0: Ball
1-0: Ball
2-0: Called Strike
2-1: Foul Ball, location: 2F
2-2: Strikes out swinging
Batting: RHB Larry Hardman 0-0: SINGLE (Groundball, 56D, EV 93.8 MPH)
Cy Ostrowski scores
Steve Blackshear to third
Runner from 3rd tries for Home, SAFE, throw by LF to home
Larry Hardman to second
Batting: LHB Paul McClintock 0-0: Reached on error, E3 (Groundball, 34S, EV 81.9 MPH)
Larry Hardman to third
Batting: LHB Barnabé Metrass 0-0: Foul Ball, location: 2F
0-1: Foul Ball, location: 2F
0-2: Strikes out swinging
Top of the 7th over - 2 runs, 3 hits, 1 error, 2 left on base; Boise 2 - Eugene 1
BOTTOM OF THE 7TH
Eugene Emeralds batting - Pitching for Boise Hawks : RHP Dave Shanks
Pitching: RHP Lorenzo Pacheco
Now at 3B: Shawn Weber
Now in LF: Fernando Amaya
Batting: RHB Mike Hill 0-0: Fly out, F7 (Line Drive, 7, EV 95.0 MPH)
Batting: RHB Roy Battist 0-0: Ball
1-0: Fly out, F9 (Flyball, 9D, EV 86.2 MPH)
Batting: RHB Taylor Garofalo 0-0: Ball
1-0: Foul Ball, location: 2F
1-1: Foul Ball, location: 2F
1-2: Ball
2-2: Reached on error, E6 (Groundball, 6, EV 85.0 MPH)
Batting: RHB Mike Larson 0-0: Ball
1-0: Foul Ball, location: 2F
1-1: DOUBLE (Line Drive, 9LM, EV 96.9 MPH)
Taylor Garofalo to third
Runner from 3rd tries for Home, SAFE, throw by RF to trailing runner, SAFE at third!
Batting: RHB Ryan Bush 0-0: Foul Ball, location: 2F
0-1: SINGLE (Groundball, 34D, EV 98.1 MPH)
Mike Larson scores
Batting: RHB Juan Bonilla 0-0: Ground out 4-3 (Groundball, 34, EV 108.8 MPH)
Bottom of the 7th over - 2 runs, 2 hits, 1 error, 1 left on base; Boise 2 - Eugene 3
TOP OF THE 8TH
Boise Hawks batting - Pitching for Eugene Emeralds : RHP Trevor Woodbury
Batting: SHB Charlie Diesel 0-0: Ball
1-0: Ball
2-0: Foul Ball, location: 2F
2-1: Ball
3-1: Base on Balls
Pitching: RHP Velimir Sljivancanin
Batting: RHB Chris Kinder 0-0: Called Strike
0-1: Called Strike
0-2: Strikes out looking
Pitching: LHP Eddie Panagos
Pinch Hitting: RHB Nick Richardson 0-0: Fielders Choice at 2nd, 6-4 (Groundball, 6, EV 101.2 MPH)
Batting: RHB Shawn Weber 0-0: Called Strike
0-1: Called Strike
0-2: Foul Ball, location: 2F
0-2: Foul Ball, location: 2F
0-2: Ball
1-2: Ball
2-2: Ball
3-2: Foul Ball, location: 2F
3-2: Strikes out swinging
Top of the 8th over - 0 runs, 0 hits, 0 errors, 1 left on base; Boise 2 - Eugene 3
BOTTOM OF THE 8TH
Eugene Emeralds batting - Pitching for Boise Hawks : RHP Lorenzo Pacheco
Now at 1B: Nick Richardson
Batting: RHB T.J. Garrison 0-0: Ball
1-0: Ball
2-0: Ball
3-0: Base on Balls
Batting: RHB Alvaro Romero 0-0: Ball
1-0: Fielders Choice at 2nd, 4-6 (Groundball, 4, EV 85.6 MPH)
Batting: LHB Hiroki Yamamoto 0-0: Ball
1-0: Called Strike
1-1: Ball
2-1: Ball
3-1: Foul Ball, location: 2F
3-2: Strikes out looking
Batting: RHB Mike Hill 0-0: Ball
Alvaro Romero steals 2nd base
1-0: TRIPLE (Flyball, 89XD, EV 103.8 MPH)
Alvaro Romero scores
Batting: RHB Roy Battist 0-0: Ball
1-0: Foul Ball, location: 2F
1-1: Foul Ball, location: 2F
1-2: Strikes out looking
Bottom of the 8th over - 1 run, 1 hit, 0 errors, 1 left on base; Boise 2 - Eugene 4
TOP OF THE 9TH
Boise Hawks batting - Pitching for Eugene Emeralds : LHP Eddie Panagos
Batting: LHB Fernando Amaya 0-0: Foul Ball, location: 2F
0-1: SINGLE (Groundball, 34D, EV 107.5 MPH)
Batting: RHB Kevin McKasson 0-0: Called Strike
0-1: Foul Ball, location: 2F
0-2: Fly out, F6 (Popup, 6M, EV 55.6 MPH)
Batting: RHB Larry Hardman 0-0: Called Strike
Pickoff Throw to First - Out! 1-3
0-1: Foul Ball, location: 2F
0-2: SINGLE (Flyball, 8LS, EV 91.2 MPH)
Batting: LHB Paul McClintock 0-0: Swinging Strike
0-1: Called Strike
0-2: Foul Ball, location: 2F
0-2: Foul Ball, location: 2F
0-2: Ball
1-2: Ball
2-2: Foul Ball, location: 2F
2-2: Foul Ball, location: 2F
2-2: Reached on error, E6 (Groundball, 6, EV 83.8 MPH)
Larry Hardman to second
Pinch Hitting: RHB Brandon Burrell 0-0: Ball
1-0: Ball
Wild Pitch!
Larry Hardman to third
Paul McClintock to second
2-0: Foul Ball, location: 2F
2-1: Foul Ball, location: 2F
2-2: Strikes out swinging
Top of the 9th over - 0 runs, 2 hits, 1 error, 2 left on base; Boise 2 - Eugene 4
Thursday, December 15th , 2022 - OOTP Baseball 23.9 Build 102